Map: [ESL] Oceanborn

Players

Maru

  • Race: Terran Terran
  • Spawn Location: 11:00

Kelazhur - Winner!

  • Race: Terran Terran
  • Spawn Location: 5:00

Event: ESL SC2 Masters 2023 Winter (Finals)

VOD

Have the link to the VOD?

Description

Time

  • Played on: Dec. 15, 2023, 10:03 a.m.
  • Length: 8:26

All games in this series

Show
View Real Time Build Order
Export as new Build Order

Maru Terran 

Build Orders: Cyclone Opening 

Get SALT Encoding   

  12  0:00  SCV  
  13  0:12  SCV  
  14  0:17  Supply Depot  
  14  0:24  SCV  
  15  0:38  SCV  
  15  0:40  Barracks  
  16  0:43  Refinery  
  16  0:50  SCV  
  16  0:52  Refinery  
  17  1:02  SCV  
  18  1:15  SCV  
  19  1:27  Orbital Command, Reaper  
  19  1:32  Supply Depot  
  20  1:45  Factory  
  20  1:52  SCV  
  21  2:00  Reaper  
  22  2:04  SCV  
  23  2:16  SCV  
  23  2:22  Command Center  
  24  2:28  SCV  
  24  2:29  Cyclone  
  27  2:34  Supply Depot  
  27  2:41  SCV  
  28  2:47  Starport  
  28  2:48  Barracks Reactor  
  28  2:53  SCV  
  29  3:01  Cyclone  
  29  3:05  SCV  
  32  3:17  SCV  
  33  3:23  Medivac  
  33  3:25  Marine x2, Refinery  
  37  3:29  SCV  
  37  3:34  Orbital Command  
  38  3:41  SCV  
  38  3:47  Cyclone x2  
  43  3:52  Marine  
  43  3:53  Starport Tech Lab, SCV  
  45  4:00  SCV, Supply Depot  
  46  4:05  SCV  
  47  4:12  Raven, SCV  
  50  4:21  SCV  
  51  4:25  Barracks Tech Lab  
  51  4:26  SCV  
  51  4:29  Command Center  
  52  4:35  Factory Reactor  
  52  4:36  Interference Matrix  
  52  4:38  SCV  
  52  4:39  Supply Depot  
  52  4:40  SCV  
  52  4:45  Marine  
  54  4:46  Raven  
  54  4:50  Stimpack  
  54  4:51  Barracks  
  57  4:56  Barracks  
  57  4:57  SCV  
  57  4:59  SCV  
  59  5:06  Marine  
  58  5:09  SCV  
  58  5:11  SCV  
  60  5:21  Raven, SCV  
  62  5:22  Factory Reactor  
  62  5:23  SCV  
  62  5:27  Engineering Bay  
  62  5:28  Engineering Bay  
  64  5:33  SCV  
  65  5:35  Marine, SCV  
  65  5:40  Orbital Command  
  67  5:45  SCV  
  67  5:46  Marine x2  
  67  5:48  SCV  
  71  5:53  Marine x2  
  71  5:54  Marauder  
  75  5:59  SCV  
  75  6:03  Marine  
  75  6:04  Marine  
  75  6:08  SCV  
  75  6:11  SCV, Marine x2  
  79  6:15  Medivac, Marine  
  79  6:16  Medivac  
  85  6:24  Marine x2  
  71  6:27  SCV  
  71  6:28  Marine, SCV  
  71  6:29  Marine  
  71  6:31  Siege Tank  
  62  6:32  Marine  
  59  6:40  SCV  
  59  6:42  Marine  
  60  6:45  Medivac  
  60  6:52  SCV  
Show
View Real Time Build Order
Export as new Build Order

Kelazhur Terran - Winner!

Build Orders: Cyclone Opening 

Get SALT Encoding   

  12  0:00  SCV  
  13  0:12  SCV  
  14  0:16  Supply Depot  
  14  0:24  SCV  
  15  0:38  Barracks, SCV  
  16  0:42  Refinery  
  16  0:50  SCV  
  16  0:52  Refinery  
  17  1:02  SCV  
  18  1:14  SCV  
  19  1:25  Supply Depot, Reaper  
  20  1:26  Orbital Command  
  20  1:40  Factory  
  20  1:52  SCV  
  21  1:57  Reaper  
  22  2:04  SCV  
  23  2:16  Command Center  
  23  2:18  SCV  
  24  2:25  Cyclone  
  24  2:29  Reaper  
  27  2:30  SCV  
  27  2:36  Supply Depot  
  28  2:42  SCV  
  29  2:50  Starport  
  29  2:54  SCV  
  30  2:59  Factory Tech Lab  
  30  3:05  Barracks Reactor  
  30  3:06  SCV  
  31  3:18  SCV, Refinery  
  32  3:25  Siege Tank  
  35  3:27  Orbital Command  
  35  3:30  Starport Tech Lab, SCV  
  36  3:41  Marine x2  
  38  3:43  SCV  
  39  3:50  Supply Depot  
  39  3:53  Raven  
  39  3:54  SCV  
  42  3:55  SCV  
  42  3:58  Marine  
  42  3:59  Marine  
  45  4:06  SCV  
  45  4:08  Siege Tank  
  49  4:10  SCV  
  49  4:13  Supply Depot  
  49  4:15  Interference Matrix  
  49  4:16  Marine x2  
  52  4:18  SCV  
  52  4:22  SCV  
  53  4:28  Supply Depot  
  53  4:33  Raven, SCV  
  53  4:34  SCV, Marine x2  
  53  4:35  Supply Depot  
  59  4:45  SCV  
  60  4:46  SCV  
  60  4:49  Siege Tank  
  60  4:52  Marine x2  
  66  4:57  SCV  
  66  4:59  SCV  
  68  5:02  Command Center  
  68  5:08  Raven  
  68  5:10  Marine x2  
  68  5:11  SCV  
  68  5:13  SCV  
  73  5:21  Siege Tank  
  73  5:23  SCV  
  73  5:25  SCV  
  78  5:37  SCV  
  78  5:38  SCV  
  78  5:39  Barracks  
  78  5:40  Supply Depot  
  78  5:41  Barracks, Refinery  
  84  5:49  Engineering Bay  
  81  5:50  SCV x2  
  81  5:51  Engineering Bay  
  81  5:52  Supply Depot  
  81  5:54  Siege Tank  
  85  6:02  Liberator  
  85  6:03  SCV  
  89  6:05  Stimpack, Marine  
  89  6:06  SCV  
  91  6:15  SCV x2  
  93  6:18  SCV  
  93  6:23  Marine  
  95  6:26  Siege Tank  
  90  6:36  SCV x2  
  90  6:37  Orbital Command  
  90  6:38  Marine x2  
  93  6:40  Marine  
  94  6:56  Marine  
  94  6:58  Siege Tank  
Tags
 
Add a new tag
Caveats
  • Supply blocks, unpowered buildings, or Contaminate may cause inaccurate times.
  • Supply counts are checked every 10 seconds.